 Dungeon Crawl Stone Soup version 0.26.0-57-g60708a5e39 (webtiles) character file.

Game seed: 8983130987487123255

787 kaeus the Insei (level 7, 0/56 HPs)
             Began as a White Draconian Transmuter on Feb 1, 2021.
             Slain by a sky beast (3 damage)
             ... on level 5 of the Dungeon.
             The game lasted 00:08:13 (6521 turns).

kaeus the Insei (White Draconian Transmuter)        Turns: 6521, Time: 00:08:14

Health: 0/56       AC:  2    Str: 19    XL:     7   Next: 56%
Magic:  1/11       EV: 19    Int: 13    God:
Gold:   73         SH:  0    Dex: 18    Spells: 4/12 levels left

rFire    . . .     SeeInvis +     - Unarmed
rCold    . . .     Faith    .   (shield currently unavailable)
rNeg     . . .     Spirit   .   (armour unavailable)
rPois    x         Reflect  .   (helmet currently unavailable)
rElec    .         Harm     .   (cloak currently unavailable)
rCorr    .         Rampage  .   (gloves currently unavailable)
Will     .....                  (boots currently unavailable)
Stlth    ++........             (no amulet)
HPRegen  0.18/turn              l - +6 ring of strength
MPRegen  0.12/turn              o - ring of see invisible

@: spider-form
A: tiny, (breathe frost), unfitting armour, AC +6
a: End Transformation


You were on level 5 of the Dungeon.
You were a venomous arachnid creature.
You visited 2 branches of the dungeon, and saw 6 of its levels.

You collected 238 gold pieces.
You spent 165 gold pieces at shops.

Inventory:

Armour
 h - a +0 pair of boots (melded)
 j - a +0 pair of gloves (melded)
Jewellery
 l - a +6 ring of strength (left front leg)
 o - a ring of see invisible (right front leg)
Wands
 n - a wand of digging (5)
Scrolls
 d - a scroll of magic mapping {unknown}
 e - 5 scrolls of teleportation
 f - a scroll of amnesia {unknown}
 m - a scroll of remove curse {unknown}
 p - a scroll of blinking {unknown}
 q - a scroll of fear {unknown}
 r - a scroll of identify
Potions
 a - a potion of flight
 c - a potion of ambrosia
 g - 4 potions of curing
 i - 2 potions of attraction
 k - a potion of haste


   Skills:
 - Level 2.4 Fighting
 - Level 1.7 Dodging
 + Level 7.8 Unarmed Combat
 - Level 3.0 Spellcasting
 - Level 3.0 Transmutations
 - Level 1.5 Poison Magic


You had 4 spell levels left.
You knew the following spells:

 Your Spells              Type           Power        Failure   Level
a - Spider Form           Tmut/Pois      3%           47%         3
b - Beastly Appendage     Tmut           18%          19%         1
c - Ice Form              Ice/Tmut       5%           90%         4

Your spell library contained the following spells:

 Spells                   Type           Power        Failure   Level
 Wereblood                Tmut           9%           24%         2
 Blade Hands              Tmut           4%           96%         5


Dungeon Overview and Level Annotations

Branches:
Dungeon (5/15)             Temple (1/1) D:5

Altars:
Ashenzari
Dithmenos
Fedhas
Gozag
Qazlal
Ru
Sif Muna
Trog
Uskayaw
Vehumet
Wu Jian
Xom
Zin
The Shining One

Shops:
D:4 *


Innate Abilities, Weirdness & Mutations

((You can breathe waves of freezing cold.))
((You can buffet flying creatures when you breathe cold.))
((Your icy white scales are hard. (AC +6)))
You cannot fit into any form of body armour.
((Your flesh is cold resistant. (rC+)))
((You are cold-blooded and may be slowed by cold attacks.))


Message History

Your +0 pair of boots unmelds from your body.
You see here 14 gold pieces.
You kill the orc warrior!
The sky beast flickers out of sight for a moment.
Found a scroll labelled HEKUVE QUCLOVE.
You miss the sky beast.
Casting: Spider Form (dangerous; 26% risk of failure)
Confirm with . or Enter, or press ? or * to list all spells.
You turn into a venomous arachnid creature.
Your +0 pair of gloves melds into your body.
Your +0 pair of boots melds into your body.
The sky beast hits you.
* * * LOW HITPOINT WARNING * * *
The sky beast shocks you.
* * * LOW HITPOINT WARNING * * *
You take 7 damage, and have 3/56 hp.
You now have 1/11 mp.
You bite the sky beast!
The sky beast is poisoned.
The sky beast is moderately wounded.
The sky beast hits you.
You die...

##.....#.....#......♣
#..#####..#.......#..♣
#.######....#.....#
#.................#
#######..#.....##..#
#.....#.....###.#
#............ ..
#.###.###..###...#
##.#.....#s.....#.. ###
...#..⌠..#Y###### # ...
.....⌠⌠⌠...######.##
......#..⌠..#.#........
.[...#.....#.....?....
###.#####.#####.###...
#..8..#.....#.....#
.#....)#)!.$.#..#..#
..8.8.8.))$..Y.###....


You could see a sky beast (invisible, very poisoned).

Vanquished Creatures
  An orc warrior (D:5)
  An ogre (D:5)
  A bullfrog (D:3)
  An orc priest (D:5)
  2 orc wizards (D:5)
  2 iguanas (D:4)
  3 worker ants
  A hound skeleton (D:4)
  Robin (D:2)
  8 gnolls
  8 adders
  A shadow imp (D:5)
  A white imp (D:5)
  4 oozes
  An adder skeleton (D:5)
  6 worms
  6 dart slugs
  3 leopard geckos
  4 orcs
  3 giant cockroaches
  12 goblins
  5 hobgoblins
  8 jackals
  3 quokkas
  2 ball pythons
  11 bats
  4 frilled lizards
  6 kobolds
  10 rats
119 creatures vanquished.

Notes
Turn   | Place    | Note
-------+----------+-------------------------------------------
     0 | D:1      | kaeus the Draconian Transmuter began the quest for the Orb.
     0 | D:1      | Reached XP level 1. HP: 16/16 MP: 3/3
   121 | D:1      | Reached XP level 2. HP: 24/24 MP: 3/5
   648 | D:1      | Reached XP level 3. HP: 21/30 MP: 4/6
   652 | D:1      | Learned a level 3 spell: Spider Form
  1329 | D:1      | Reached skill level 1 in Poison Magic
  1329 | D:1      | Reached XP level 4. HP: 21/37 MP: 5/7
  3269 | D:2      | Found a bloodstained altar of Trog.
  3329 | D:2      | Noticed Robin
  3343 | D:2      | Killed Robin
  3344 | D:2      | Reached XP level 5. HP: 41/42 MP: 6/9
  3498 | D:2      | Learned a level 4 spell: Ice Form
  3849 | D:3      | Reached skill level 4 in Unarmed Combat
  4015 | D:3      | Found a stormy altar of Qazlal.
  4015 | D:3      | Found a radiant altar of Vehumet.
  4730 | D:4      | Reached skill level 5 in Unarmed Combat
  4733 | D:4      | Reached XP level 6. HP: 30/50 MP: 7/10
  5094 | D:4      | Found Laipt's Assorted Antiques.
  5099 | D:4      | Bought an iron ring for 120 gold pieces
  5108 | D:4      | Bought a sedimented coppery potion for 21 gold pieces
  5108 | D:4      | Bought a scroll labelled IREIDYRHAX for 24 gold pieces
  5255 | D:4      | Reached skill level 6 in Unarmed Combat
  5440 | D:4      | Found a glowing silver altar of Zin.
  5441 | D:4      | Found an opulent altar of Gozag.
  5681 | D:5      | Entered Level 5 of the Dungeon
  5711 | D:5      | Found a staircase to the Ecumenical Temple.
  5745 | Temple   | Entered the Ecumenical Temple
  5957 | D:5      | Your scales start taking on an icy white colour.
  5957 | D:5      | Reached XP level 7. HP: 19/56 MP: 7/11
  5957 | D:5      | Gained mutation: Your flesh is cold resistant. (rC+) [White
                  | Draconian growth]
  6486 | D:5      | Reached skill level 7 in Unarmed Combat
  6521 | D:5      | Slain by a sky beast

Illustrated notes

Levels and vault maps discovered:
D:1:      wheals_arrival_shading, layout_basic, skrybe_limestone_x
D:2:      kennysheep_six_static_rooms, layout_basic,
          nicolae_overflow_hidden_temple, uniq_robin
D:3:      layout_basic, gammafunk_temple_overflow_elements
D:4:      layout_loops_ring, grunt_temple_overflow_gold_and_silver,
          serial_shops, nicolae_shop_overgrown_old_shop,
          chequers_serial_rivers_micro_a, corexii_shack
D:5:      layout_rooms, kennysheep_ying_yang, nicolae_overflow_quartered_altars,
          minmay_temple_entry_metal_lava, basic_altar, minmay_misc_feat_columns,
          minmay_chambers_of_fives
Temple:   nicolae_temple_figure_zero

Skill      XL: |  1  2  3  4  5  6  7 |
---------------+----------------------+-----
Fighting       | 2 |  2.4
Poison Magic   | 1 |  1.5
Transmutations | 3 |  3.0
Spellcasting   | 3 |  3.0
Unarmed Combat | 5 6 7 |  7.8
Dodging        | |  1.7

Action                   |  1- 3 |  4- 6 |  7- 9 || total
-------------------------+-------+-------+-------++-------
Melee: Unarmed           |   109 |   232 |    32 ||   373
       Kick              |    13 |     3 |       ||    16
       Tailslap          |    11 |     9 |     2 ||    22
       Headbutt          |     9 |     3 |       ||    12
       Punch             |     1 |     1 |     1 ||     3
 Cast: Beastly Appendage |    16 |     6 |       ||    22
       Spider Form       |       |    20 |     3 ||    23
  Use: Scroll            |       |     9 |       ||     9
       Potion            |       |       |     1 ||     1
 Stab: Sleeping          |     1 |       |       ||     1
Armor: Skin              |    62 |    43 |     4 ||   109
Dodge: Dodged            |    92 |   202 |    35 ||   329
